Map: Odyssey LE

Players

Honor - Winner!

  • Race: Zerg Zerg
  • League: Master
  • Spawn Location: 11:00

A.I. 1 (Elite)

  • Race: Zerg Zerg
  • Spawn Location: 5:00

VOD

Have the link to the VOD?

Description

Time

  • Played on: Dec. 13, 2017, 8:19 a.m.
  • Length: 7:13
Show
View Real Time Build Order
Export as new Build Order

Honor Zerg - Winner!

Build Orders: Pool First 

Get SALT Encoding   

  12  0:01  Drone  
  13  0:12  Overlord  
  13  0:17  Drone  
  14  0:31  Drone x2  
  14  0:34  Drone  
  17  0:46  Spawning Pool  
  16  0:50  Drone  
  17  1:13  Hatchery  
  17  1:15  Drone  
  17  1:18  Extractor  
  17  1:21  Drone  
  17  1:25  Drone  
  18  1:30  Drone  
  19  1:40  Queen  
  19  1:45  Overlord  
  21  1:50  Drone  
  22  2:05  Drone  
  23  2:12  Drone  
  24  2:16  Queen  
  24  2:21  Metabolic Boost  
  26  2:26  Roach Warren  
  26  2:29  Drone  
  26  2:32  Drone  
  27  2:37  Drone  
  27  2:39  Drone  
  27  2:44  Drone  
  30  2:47  Drone  
  31  2:53  Drone x2  
  33  2:59  Lair  
  33  3:02  Extractor  
  32  3:06  Overlord  
  32  3:07  Drone  
  32  3:11  Drone  
  35  3:12  Drone  
  35  3:15  Drone  
  36  3:25  Drone x2  
  36  3:26  Drone x2  
  40  3:29  Overlord  
  40  3:33  Drone x2  
  42  3:34  Drone  
  42  3:38  Extractor  
  42  3:45  Drone x2  
  42  3:47  Overlord  
  44  3:57  Glial Reconstitution  
  44  3:58  Overlord  
  44  4:02  Drone  
  45  4:03  Roach x3  
  53  4:10  Roach x3  
  53  4:13  Overlord  
  57  4:19  Overlord  
  57  4:21  Roach  
  59  4:29  Roach  
  59  4:30  Roach x2  
  65  4:33  Roach  
  65  4:34  Roach x2  
  65  4:36  Roach  
  73  4:40  Roach  
  75  4:45  Overlord x2  
  75  4:55  Roach x2  
  75  4:56  Roach x2  
  83  5:05  Roach x4  
  91  5:09  Overlord  
  91  5:14  Overlord  
  91  5:19  Roach  
  93  5:25  Roach  
  95  5:30  Roach  
  95  5:31  Roach x2  
  95  5:34  Roach x3  
  107  5:37  Overlord  
  107  5:39  Overlord  
  107  5:46  Roach  
  109  5:51  Roach  
  113  5:57  Roach  
  105  6:07  Roach x7  
  113  6:23  Roach  
  113  6:24  Roach  
  117  6:27  Roach  
  117  6:28  Roach  
  121  6:33  Overlord x2  
  121  6:36  Roach x3  
  121  6:37  Roach  
  127  6:49  Roach x2  
  127  6:53  Overlord x2  
Show
View Real Time Build Order
Export as new Build Order

A.I. 1 (Elite) Zerg 

Build Orders: Pool First 

Get SALT Encoding   

  12  0:00  Drone  
  13  0:12  Overlord  
  13  0:17  Drone  
  14  0:30  Drone x2  
  16  0:43  Spawning Pool  
  16  0:45  Drone  
  16  0:48  Drone  
  17  1:12  Hatchery, Drone  
  17  1:15  Extractor  
  17  1:17  Drone  
  17  1:21  Drone  
  18  1:27  Drone  
  19  1:38  Overlord  
  19  1:48  Queen  
  19  1:49  Drone  
  22  1:59  Zergling x2  
  23  2:10  Drone  
  24  2:21  Drone  
  25  2:23  Queen  
  25  2:24  Roach Warren  
  25  2:25  Extractor  
  25  2:27  Drone  
  26  2:34  Drone  
  27  2:42  Overlord  
  27  2:45  Drone  
  27  2:49  Drone  
  29  2:53  Drone  
  29  2:55  Drone  
  31  2:58  Drone  
  31  3:01  Zergling x2  
  31  3:05  Zergling x2  
  34  3:09  Roach  
  36  3:13  Roach  
  36  3:17  Roach  
  40  3:21  Roach  
  40  3:26  Drone x2  
  44  3:30  Overlord  
  44  3:38  Lair  
  44  3:42  Metabolic Boost  
  44  3:47  Overlord  
  44  3:49  Drone  
  44  3:52  Drone  
  44  3:54  Drone  
  47  3:57  Zergling x2  
  47  3:59  Zergling x2  
  47  4:01  Zergling x2  
  50  4:07  Evolution Chamber  
  50  4:08  Drone  
  50  4:12  Evolution Chamber  
  50  4:13  Drone  
  50  4:15  Drone  
  51  4:17  Drone  
  51  4:19  Drone  
  51  4:21  Drone  
  54  4:34  Zerg Missile Weapons Level 1  
  54  4:38  Zerg Ground Armor Level 1, Hydralisk Den, Drone  
  54  4:41  Overlord  
  54  4:44  Roach  
  56  4:47  Roach  
  58  5:01  Overlord  
  58  5:03  Drone  
  58  5:06  Extractor, Drone  
  59  5:07  Drone  
  59  5:08  Hydralisk  
  59  5:09  Drone, Hydralisk x2  
  67  5:19  Overlord, Drone, Hydralisk  
  67  5:20  Drone  
  71  5:22  Drone  
  71  5:23  Drone  
  71  5:27  Drone  
  74  5:29  Drone  
  74  5:33  Drone  
  76  5:37  Drone  
  76  5:40  Infestation Pit, Overlord  
  76  5:42  Drone  
  77  5:44  Drone  
  77  5:45  Drone  
  77  5:47  Drone  
  82  5:50  Roach  
  82  5:58  Roach x2  
  82  6:01  Overlord  
  78  6:05  Roach  
  78  6:06  Zergling x2, Roach  
  78  6:08  Roach  
  78  6:09  Zergling x2, Hydralisk  
  70  6:15  Hydralisk  
  70  6:16  Infestor  
  72  6:21  Hydralisk  
  72  6:25  Zergling x2  
  70  6:29  Roach  
  66  6:35  Roach  
  66  6:39  Hydralisk  
  69  6:40  Zergling x2  
  69  6:43  Roach  
  69  6:44  Extractor  
  69  6:46  Zergling x2  
Tags
 
League
Master
Matchup
ZvZ
Race
Zerg
Spawn Locations
Cross Positions
Add a new tag
Caveats
  • Supply blocks, unpowered buildings, or Contaminate may cause inaccurate times.
  • Supply counts are checked every 10 seconds.